 Dungeon Crawl Stone Soup version 0.20-a0-433-g9e36e56 (webtiles) character file.

193 Kriby the Skirmisher (level 5, -10/43 HPs)
             Began as a Mummy Fighter on Jan 4, 2017.
             Mangled by an ogre
             ... wielding a +0 giant club
              (27 damage)
             ... on level 4 of the Dungeon.
             The game lasted 00:02:04 (3533 turns).

Kriby the Skirmisher (Mummy Fighter)                Turns: 3533, Time: 00:02:05

Health: -10/43     AC:  8    Str: 19    XL:     5   Next: 43%
Magic:  5/5        EV:  4    Int:  7    God:
Gold:   207        SH:  9    Dex: 13    Spells: 4/4 levels left

rFire  . . .     SeeInvis .     a - +0 war axe
rCold  . . .     Gourm    .     i - +0 chain mail
rNeg   + + +     Faith    .     c - +0 shield
rPois  ∞         Spirit   .     (no helmet)
rElec  .         Reflect  .     (no cloak)
rCorr  .         Harm     .     (no gloves)
MR     .....                    (no boots)
Stlth  ..........               (no amulet)
                                f - ring of fire
                                (no ring)

@: no status effects
A: no food or potions, fire vulnerability, cold resistance 1, negative energy
resistance 3, torment resistance, unbreathing
a: no special abilities


You were on level 4 of the Dungeon.
You were not hungry.

You visited 1 branch of the dungeon, and saw 4 of its levels.

You collected 207 gold pieces.

Inventory:

Hand Weapons
 a - a +0 war axe (weapon)
Armour
 c - a +0 shield (worn)
 i - a +0 chain mail (worn)
Jewellery
 e - an uncursed ring of ice
 f - a ring of fire (right hand)
Scrolls
 d - 2 scrolls of identify {unknown}
 g - a scroll of remove curse {unknown}
 h - a scroll of teleportation {unknown}


   Skills:
 * Level 4.3 Fighting
 * Level 3.3 Axes
 + Level 1.6 Throwing
 - Level 2.4 Armour
 - Level 2.4 Shields


You had 4 spell levels left.
You didn't know any spells.

Dungeon Overview and Level Annotations

Branches:
Dungeon (4/15)
 Temple: D:4-7

Altars:


Innate Abilities, Weirdness & Mutations

You do not eat or drink.
Your flesh is vulnerable to fire.
You are immune to poison.
Your flesh is cold resistant. (rC+)
You are immune to negative energy. (rN+++)
You are immune to unholy pain and torment.
You can survive without breathing.


Message History

A scorpion comes into view.
There are monsters nearby!
Your shield and chain mail prevent you from hitting the quokka skeleton.
The quokka skeleton is severely damaged.
The quokka skeleton bites you. You block the quokka skeleton's attack.
You hit the quokka skeleton.
You destroy the quokka skeleton!
You hit the ogre.
The ogre is lightly wounded.
The ogre hits you with a giant club!
Your chain mail prevents you from hitting the ogre.
The ogre is lightly wounded.
The ogre hits you with a giant club!
You are too injured to fight recklessly!
You are too injured to fight recklessly!
You slash the ogre!
The ogre is moderately wounded.
The ogre hits you with a giant club!!
Ouch! That really hurt!
You die...

(..........#
...........#
...........#
...........#
...........#
...........#
...!.......#
#####O...#
#...@###.#
#######....#
#.#.#.#....#
#.#.#.....#
#.#.#.#+##
#.#.#.##
.#.#.#.#
#.#.#.##
#.#.#<#.#


You could see an ogre.

Vanquished Creatures
  The ghost of lupus83 the Conjurer, an amateur DgCj (D:3)
  2 gnolls (D:2)
  2 adders (D:3)
  An ooze (D:2)
  An adder zombie (D:1)
  A worm (D:3)
  2 dart slugs
  An orc (D:3)
  2 ball pythons
  3 giant cockroaches
  6 goblins
  5 hobgoblins
  3 jackals (D:3)
  11 kobolds
  A quokka (D:3)
  5 bats
  5 frilled lizards
  A giant cockroach zombie (D:1)
  A quokka skeleton (D:4)
  8 rats
62 creatures vanquished.

Notes
Turn   | Place    | Note
-------+----------+-------------------------------------------
     0 | D:1      | Kriby the Mummy Fighter began the quest for the Orb.
     0 | D:1      | Reached XP level 1. HP: 18/18 MP: 1/1
   123 | D:1      | Reached XP level 2. HP: 24/24 MP: 2/2
  1043 | D:2      | Reached XP level 3. HP: 29/29 MP: 3/3
  1873 | D:3      | Noticed lupus83's ghost (amateur DgCj)
  1888 | D:3      | Killed lupus83's ghost
  1888 | D:3      | Reached skill level 4 in Fighting
  1888 | D:3      | Reached skill level 1 in Throwing
  1888 | D:3      | Reached XP level 4. HP: 17/37 MP: 4/4
  1943 | D:3      | Reached XP level 5. HP: 26/42 MP: 5/5
  3525 | D:4      | Noticed an ogre
  3533 | D:4      | Mangled by an ogre

Vault maps used:
D:1:      saegor_arrival_fortress, minmay_fountain_box
D:3:      minmay_misc_feat_secret_circle
D:4:      first_bread, elyvilon_altar_4, uniq_menkaure

Skill      XL: |  1  2  3 |
---------------+----------+-----
Axes           | 2 3 |  3.3
Fighting       | 4 |  4.3
Throwing       | 1 |  1.6
Armour         | |  2.4
Shields        | |  2.4

Action                   |  1- 3 |  4- 6 || total
-------------------------+-------+-------++-------
Melee: War axe           |   117 |    75 ||   192
Armor: Scale mail        |    55 |    21 ||    76
       Chain mail        |       |     2 ||     2
Dodge: Dodged            |    38 |    21 ||    59
Block: Shield            |    67 |    46 ||   113
